 Dungeon Crawl Stone Soup version 0.22-a0-136-g83a10e5 (webtiles) character file.

4755 40fy the Thaumaturge (level 10, -6/50 HPs)
             Began as a Deep Elf Fire Elementalist on Feb 4, 2018.
             Was a Priest of Sif Muna.
             Mangled by a two-headed ogre
             ... wielding a +0 giant club
              (14 damage)
             ... on level 8 of the Dungeon on Feb 5, 2018.
             The game lasted 00:45:28 (11081 turns).

40fy the Thaumaturge (Deep Elf Fire Elementalist)  Turns: 11081, Time: 00:45:28

Health: -6/50      AC:  5    Str:  5    XL:     10   Next: 23%
Magic:  0/35       EV: 18    Int: 26    God:    Sif Muna [***...]
Gold:   457        SH:  0    Dex: 15    Spells: 18/29 levels left

rFire    . . .     SeeInvis .   s - +2 dagger (holy)
rCold    . . .     Gourm    .   (no shield)
rNeg     . . .     Faith    .   a - +0 robe
rPois    +         Spirit   +   E - +0 helmet of Youthful Indiscretion {rPois Int+2}
rElec    .         Reflect  .   B - +1 cloak {+Inv}
rCorr    .         Harm     .   (no gloves)
MR       +....                  (no boots)
Stlth    +++.......             e - amulet of guardian spirit
HPRegen  0.16/turn              N - ring of stealth
MPRegen  0.24/turn              m - ring of magical power

@: no status effects
A: no striking features
a: Divine Energy, Channel Magic, Renounce Religion, Evoke Invisibility


You were on level 8 of the Dungeon.
You worshipped Sif Muna.
Sif Muna was most pleased with you.
You were not hungry.

You visited 1 branch of the dungeon, and saw 8 of its levels.
You also visited: Ossuary.

You collected 622 gold pieces.
You spent 165 gold pieces at shops.

Inventory:

Hand Weapons
 i - a +0 dagger
 s - a +2 dagger of holy wrath (weapon)
Armour
 a - a +0 robe (worn)
 o - a +0 helmet
 B - a +1 cloak of invisibility (worn)
 E - the +0 helmet of Youthful Indiscretion (worn) {rPois Int+2}
   (You found it on level 6 of the Dungeon)

   It affects your intelligence (+2).
   It protects you from poison.
Jewellery
 e - an amulet of guardian spirit (around neck)
 m - a ring of magical power (right hand)
 p - an uncursed ring of poison resistance
 F - an uncursed ring of positive energy
 I - an uncursed amulet of regeneration
 N - a ring of stealth (left hand)
Wands
 f - a wand of random effects (21)
Scrolls
 g - a scroll of fear
 h - 4 scrolls of remove curse
 n - 3 scrolls of amnesia
 u - 5 scrolls of identify
 v - 4 scrolls of teleportation
 w - 3 scrolls of enchant armour {unknown}
 y - a scroll of brand weapon {unknown}
 A - a scroll of magic mapping {unknown}
 D - a scroll of immolation {unknown}
 G - a scroll of holy word {unknown}
 L - a scroll of silence {unknown}
 M - a scroll of summoning {unknown}
Potions
 d - a potion of cancellation {unknown}
 j - 3 potions of agility
 k - 2 potions of degeneration
 l - 2 potions of invisibility {unknown}
 q - a potion of brilliance {unknown}
 r - 2 potions of might {unknown}
 t - 3 potions of mutation {unknown}
 x - a potion of curing
 z - 3 potions of heal wounds {unknown}
 C - a potion of magic {unknown}
 H - a potion of haste {unknown}
 J - a potion of lignification {unknown}
Books
 b - a book of Flames

   Spells                             Type                      Level
   a - Flame Tongue                   Conjuration/Fire             1
   b - Throw Flame                    Conjuration/Fire             2
   c - Conjure Flame                  Conjuration/Fire             3
   d - Inner Flame                    Hexes/Fire                   3
   e - Sticky Flame                   Conjuration/Fire             4
   f - Fireball                       Conjuration/Fire             5
Comestibles
 c - 18 rations
 K - 6 chunks of flesh


   Skills:
 + Level 9.3 Dodging
 - Level 2.4 Stealth
 + Level 10.2 Spellcasting
 + Level 8.2 Conjurations
 + Level 9.0 Fire Magic


You had 18 spell levels left.
You knew the following spells:

 Your Spells              Type           Power        Failure   Level  Hunger
a - Flame Tongue          Conj/Fire      #####        1%          1    None
b - Throw Flame           Conj/Fire      ######       1%          2    None
c - Inner Flame           Hex/Fire       #####...     1%          3    None
d - Fireball              Conj/Fire      ######....   3%          5    ####...


Dungeon Overview and Level Annotations

Branches:
Dungeon (8/15)             Temple (0/1) D:5            Lair (0/6) D:8

Altars:
Ashenzari
Cheibriados
Fedhas
Nemelex Xobeh
Qazlal
Sif Muna
Xom

Shops:
D:6 ??[*


Message History

The flame tongue hits the two-headed ogre.
The two-headed ogre appears unharmed.
The two-headed ogre is severely wounded.
You see here a giant club.
Things that are here:
a halberd; a chain mail You see here a giant club.
You feel better. The two-headed ogre barely misses you.
The two-headed ogre hits you with a giant club!!
* * * LOW HITPOINT WARNING * * *
Casting: Flame Tongue (safe; 1% risk of failure)
Confirm with . or Enter, or press ? or * to list all spells.
Aiming: Flame Tongue (safe; 1% risk of failure)
Press: ? - help, Shift-Dir - straight line, f/p - two-headed ogre
Aim: a two-headed ogre, wielding two giant clubs (heavily wounded)
The flame tongue hits the two-headed ogre.
The two-headed ogre is severely wounded.
The two-headed ogre barely misses you.
The two-headed ogre hits you with a giant club!
You die...

#.#.....# #.#
#.##.####### #.####.##
#.# #.##.......# #.#
##.## ##.## #.##.#####.#
#.###...######...###.####
#.##
#.#...#..............#
#..#
#p#.#...####.....#####
##.## ##p...........#.###
## #..#
รท##.##.######.#.O.# ..
##.# '##.##.######.#.@##
#. #.# .##.##.#....#.##.#
##. #.#
.##.##.#.##.#.####
#...##)#
###.##.#.##.....# #..'.#
###.##.#.####.### ##.'.#
.......#.####.# #..'.#
..............# ...####
############### ### ##.#
#################.# ..


You could see a two-headed ogre.

Vanquished Creatures
  Pikel (D:8)
  The ghost of senyk the Chopper, a novice FoFi of Uskayaw (D:5)
  A hippogriff (D:8)
  A spriggan (D:8)
  A yak (D:8)
  3 orc warriors
  5 porcupines (D:8)
  2 slaves (D:8)
  An ice beast (D:8)
  A necrophage (D:6)
  A black bear (D:8)
  A sky beast (D:6)
  An eye of draining (D:8)
  A centaur (D:8)
  8 ogres
  A crocodile (D:8)
  The ghost of reaverb the Ducker, an amateur DECj (D:3)
  2 big kobolds (D:8)
  2 bullfrogs
  4 scorpions
  A crimson imp (D:4)
  3 centaur skeletons
  3 jellies
  2 orc priests
  3 hounds
  4 orc wizards
  2 iguanas
  6 worker ants
  A hound zombie (D:8)
  2 mummies (Ossuary)
  2 worker ant zombies
  3 gnolls (D:4)
  9 adders
  3 oozes
  An adder skeleton (D:4)
  3 dart slugs
  2 leopard geckos
  23 orcs
  3 giant cockroaches
  A gnoll zombie (Ossuary)
  7 goblins
  5 hobgoblins
  2 jackals (D:4)
  2 quokkas
  A ball python (D:1)
  5 bats
  3 frilled lizards
  4 gnoll skeletons (Ossuary)
  A goblin skeleton (Ossuary)
  3 goblin zombies (Ossuary)
  A hobgoblin skeleton (Ossuary)
  3 hobgoblin zombies (Ossuary)
  2 jackal skeletons
  10 kobolds
  2 kobold skeletons (Ossuary)
  A kobold zombie (Ossuary)
  An orc skeleton (Ossuary)
  2 orc zombies (Ossuary)
  A quokka skeleton (D:5)
  8 rats
  A rat skeleton (Ossuary)
  3 rat zombies (Ossuary)
  2 bushes (D:6)
186 creatures vanquished.

Vanquished Creatures (others)
  Menkaure (Ossuary)
  A mummy (Ossuary)
  2 gnoll skeletons (Ossuary)
  3 goblin skeletons (Ossuary)
  A goblin zombie (Ossuary)
  3 hobgoblin skeletons (Ossuary)
  A hobgoblin zombie (Ossuary)
  2 kobold skeletons (Ossuary)
  3 kobold zombies (Ossuary)
  An orc skeleton (Ossuary)
  5 orc zombies (Ossuary)
  4 rat skeletons (Ossuary)
  2 rat zombies (Ossuary)
  53 fungi (D:8)
  16 plants (D:8)
98 creatures vanquished.

Grand Total: 284 creatures vanquished

Notes
Turn   | Place    | Note
-------+----------+-------------------------------------------
     0 | D:1      | 40fy the Deep Elf Fire Elementalist began the quest for the Orb.
     0 | D:1      | Reached XP level 1. HP: 10/10 MP: 6/6
   261 | D:1      | Reached XP level 2. HP: 15/15 MP: 4/8
   265 | D:1      | Learned a level 2 spell: Throw Flame
   779 | D:1      | Reached XP level 3. HP: 19/19 MP: 7/10
  1184 | D:2      | Found a shattered altar of Ashenzari.
  1520 | D:2      | Reached XP level 4. HP: 24/24 MP: 2/11
  1612 | D:2      | Found a shimmering altar of Xom.
  1669 | D:2      | Reached skill level 4 in Spellcasting
  2534 | D:3      | Noticed reaverb's ghost (amateur DECj)
  2538 | D:3      | Killed reaverb's ghost
  2538 | D:3      | Reached XP level 5. HP: 20/28 MP: 6/13
  2814 | D:3      | Learned a level 3 spell: Inner Flame
  2820 | D:3      | Learned a level 5 spell: Fireball
  3144 | D:4      | Found a sand-covered staircase.
  3152 | Ossuary  | Entered an ossuary
  3333 | Ossuary  | Killed Menkaure
  4120 | D:4      | Found a deep blue altar of Sif Muna.
  4125 | D:4      | Became a worshipper of Sif Muna the Loreminder
  4156 | D:4      | Reached XP level 6. HP: 32/32 MP: 2/15
  4464 | D:4      | Reached skill level 5 in Spellcasting
  4464 | D:4      | Reached skill level 5 in Fire Magic
  5207 | D:4      | Found a blossoming altar of Fedhas.
  5232 | D:4      | Reached skill level 5 in Dodging
  5232 | D:4      | Reached XP level 7. HP: 36/36 MP: 12/17
  5489 | D:5      | Entered Level 5 of the Dungeon
  5718 | D:5      | Reached skill level 6 in Spellcasting
  5797 | D:5      | Reached * piety under Sif Muna
  5928 | D:5      | Noticed senyk's ghost (novice FoFi)
  5952 | D:5      | Killed senyk's ghost
  5952 | D:5      | Reached skill level 5 in Conjurations
  5952 | D:5      | Reached XP level 8. HP: 41/41 MP: 9/20
  6159 | D:5      | Found a staircase to the Ecumenical Temple.
  6189 | D:5      | Reached skill level 7 in Spellcasting
  6392 | D:5      | Found a snail-covered altar of Cheibriados.
  7177 | D:6      | Found Noyph's Armour Shoppe.
  7221 | D:6      | Bought a +1 cloak of invisibility for 165 gold pieces
  7257 | D:6      | Got a spiked helmet
  7268 | D:6      | Identified the +0 helmet of Youthful Indiscretion {rPois Int+2} (You found it on level 6 of the Dungeon)
  7284 | D:6      | Found Romaat's Assorted Antiques.
  7294 | D:6      | Found a stormy altar of Qazlal.
  7365 | D:6      | Reached ** piety under Sif Muna
  7854 | D:6      | Found Beletz's Magic Scroll Shoppe.
  7861 | D:6      | Found Jyteossu's Magic Scroll Emporium.
  7994 | D:6      | Reached skill level 8 in Spellcasting
  8508 | D:7      | Reached XP level 9. HP: 45/45 MP: 17/23
  9548 | D:8      | Found a sparkling altar of Nemelex Xobeh.
  9640 | D:8      | Noticed Pikel
  9642 | D:8      | Reached skill level 9 in Spellcasting
  9787 | D:8      | Reached *** piety under Sif Muna
  9951 | D:8      | Found a staircase to the Lair.
  9969 | D:8      | Killed Pikel
 10467 | D:8      | Reached XP level 10. HP: 40/50 MP: 17/25
 10488 | D:8      | Reached skill level 10 in Spellcasting
 11024 | D:8      | Noticed a two-headed ogre
 11081 | D:8      | Mangled by a two-headed ogre

Vault maps used:
D:1:      nagdon_arrival_double_spiral
D:2:      xom_teletrap_fun, nicolae_ashenzari_panopticon, first_ration,
          lightli_corner_chamber
D:4:      kennysheep_little_box, lemuel_crystal_altar,
          nicolae_ossuary_entry_plus, serial_co_window_serial,
          co_window_paths_a, co_window_paths_b, co_window_paths_b,
          co_window_corner_a, co_window_paths_a, co_window_2corner,
          co_window_corner_b, co_window_of_opportunity_c,
          co_window_unsneaky_path_c, co_window_paths_e, glass_columns_a,
          glass_columns_a, kennysheep_generic_room_11
D:5:      minmay_temple_entry_large_hall, kennysheep_slug_shrine
D:6:      lemuel_doored_altar, serial_shops, shop, nicolae_shop_trees, shop,
          shop, minmay_hedge_maze
D:8:      nemelex_xobeh_ov_fountains_minmay, due_lair_maze_entry_diamond,
          the_bakery, kennysheep_kite_vault, uniq_pikel
Ossuary:  ossuary_due_pyramid

Skill      XL: |  1  2  3  4  5  6  7  8  9 10 |
---------------+-------------------------------+-----
Fire Magic     | 4 5 6 7 8 9 |  9.0
Dodging        | 3 4 5 6 7 9 |  9.3
Conjurations   | 2 3 4 5 6 7 8 |  8.2
Spellcasting   | 4 5 6 8 9 10 | 10.2
Stealth        | |  2.4

Action                   |  1- 3 |  4- 6 |  7- 9 | 10-12 || total
-------------------------+-------+-------+-------+-------++-------
Melee: Dagger            |       |    25 |     4 |     3 ||    32
 Cast: Flame Tongue      |    52 |   103 |   218 |    56 ||   429
       Throw Flame       |     8 |    28 |    19 |     3 ||    58
       Inner Flame       |       |       |     3 |       ||     3
       Fireball          |       |       |     5 |       ||     5
 Abil: Evoke Invisibilit |       |       |     2 |       ||     2
Evoke: Wand              |       |       |     2 |       ||     2
  Use: Scroll            |       |       |    11 |       ||    11
       Potion            |       |       |       |     2 ||     2
  Eat: Chunk             |     2 |     8 |    13 |     3 ||    26
       Ration            |       |     1 |     1 |       ||     2
Armor: Robe              |     2 |     6 |    22 |     1 ||    31
Dodge: Dodged            |    11 |    30 |    74 |    27 ||   142

Table legend:
 A = Spawn XP
 B = Non-spawn XP
 C = Spawn XP percentage of total XP
 D = Spawn monster count
 E = Non-spawn monster count
 F = Spawn count percentage of total count
 G = Total turns spent on level
                    A         B        C        D         E        F      G
               +---------+---------+-------+---------+---------+-------+---------
         Total |       0 |    6793 |   0.0 |       0 |     178 |   0.0 | 11081
               +---------+---------+-------+---------+---------+-------+---------
           D:1 |       0 |      50 |   0.0 |       0 |      25 |   0.0 |  1154
           D:2 |       0 |      77 |   0.0 |       0 |      12 |   0.0 |   777
           D:3 |       0 |     150 |   0.0 |       0 |      10 |   0.0 |  1187
           D:4 |       0 |     493 |   0.0 |       0 |      25 |   0.0 |  1560
           D:5 |       0 |     961 |   0.0 |       0 |      21 |   0.0 |  1324
           D:6 |       0 |    1004 |   0.0 |       0 |      24 |   0.0 |  1486
           D:7 |       0 |     331 |   0.0 |       0 |       5 |   0.0 |   880
           D:8 |       0 |    3672 |   0.0 |       0 |      35 |   0.0 |  1832
       Ossuary |       0 |      55 |   0.0 |       0 |      21 |   0.0 |   881
               +---------+---------+-------+---------+---------+-------+---------
